Map: Base du roi Sejong EC

Players

zidar

  • Race: Zerg Zerg
  • League: Platinum
  • Spawn Location: 5:00

inikolaer - Winner!

  • Race: Zerg Zerg
  • League: Platinum
  • Spawn Location: 11:00

VOD

Have the link to the VOD?

Description

Time

  • Played on: Nov. 2, 2016, 4:58 a.m.
  • Length: 12:11
Show
View Real Time Build Order
Export as new Build Order

zidar Zerg 

Build Orders: 1 Base Baneling Bust, Pool First 

Get SALT Encoding   

  12  0:07  Drone  
  13  0:17  Overlord  
  13  0:18  Drone  
  14  0:35  Drone x2  
  16  0:52  Spawning Pool  
  16  0:54  Extractor  
  14  1:25  Overlord x2  
  14  1:39  Zergling x4  
  16  1:55  Zergling x2  
  16  1:56  Queen  
  19  2:06  Zergling x2  
  19  2:07  Metabolic Boost  
  20  2:10  Zergling x2  
  21  2:17  Evolution Chamber  
  21  2:20  Zergling x2  
  21  2:30  Zergling x2  
  22  2:41  Zergling x2  
  23  2:52  Zergling x2  
  23  2:56  Baneling Nest  
  23  3:06  Zergling x8  
  27  3:46  Zergling x8  
  27  3:47  Zergling x4  
  14  4:41  Zergling x6  
  17  4:52  Roach Warren  
  16  5:06  Drone x2  
  18  5:20  Drone x4  
  22  5:30  Baneling  
  22  5:31  Baneling x3  
  22  5:32  Hatchery  
  21  6:01  Baneling x2  
  21  6:11  Pneumatized Carapace  
  21  6:22  Roach x6  
  33  6:44  Zerg Ground Armor Level 1  
  33  6:49  Zergling x2  
  33  6:50  Zergling x6  
  37  7:00  Queen  
  39  7:24  Drone x5  
  42  7:47  Overlord  
  42  7:48  Overlord  
  42  8:03  Lair  
  42  8:09  Extractor  
  41  8:22  Extractor  
  41  8:23  Drone x4  
  41  8:25  Extractor  
  41  8:26  Drone x7  
  50  9:04  Spire  
  38  10:15  Mutalisk x4  
  38  10:16  Mutalisk x2  
  38  10:20  Overlord x2  
  50  10:40  Mutalisk x4  
  58  11:06  Mutalisk x2  
  62  11:27  Mutalisk x2  
Show
View Real Time Build Order
Export as new Build Order

inikolaer Zerg - Winner!

Build Orders: Pool First 

Get SALT Encoding   

  12  0:01  Drone  
  13  0:11  Drone  
  14  0:18  Overlord  
  14  0:23  Extractor  
  14  0:24  Drone  
  15  0:40  Drone x2  
  17  0:48  Extractor  
  16  1:05  Spawning Pool  
  16  1:07  Drone x3  
  18  1:26  Hatchery  
  17  1:39  Drone x2  
  20  1:40  Drone  
  20  1:55  Zergling x2  
  21  2:09  Queen, Roach Warren, Overlord  
  22  2:24  Metabolic Boost  
  23  2:30  Drone x2  
  24  2:42  Drone  
  25  2:44  Queen, Drone  
  25  2:45  Drone  
  29  3:00  Drone  
  29  3:01  Evolution Chamber, Drone  
  29  3:04  Queen  
  32  3:29  Roach  
  32  3:30  Roach  
  32  3:31  Overlord  
  35  3:35  Spine Crawler  
  35  3:37  Extractor  
  35  3:40  Evolution Chamber, Pneumatized Carapace  
  32  3:43  Spine Crawler  
  31  3:52  Evolution Chamber  
  30  4:01  Roach x3  
  36  4:09  Roach  
  36  4:10  Roach x2  
  36  4:17  Roach  
  38  4:28  Roach x2  
  42  4:47  Roach  
  42  4:49  Overlord  
  44  5:03  Overlord  
  44  5:07  Queen  
  46  5:21  Ravager  
  47  5:29  Drone  
  47  5:30  Drone x4  
  52  5:40  Overlord  
  52  5:54  Queen  
  54  6:06  Spine Crawler  
  53  6:11  Zerg Missile Weapons Level 1  
  53  6:13  Drone x3  
  56  6:20  Drone x3  
  56  6:23  Ravager  
  60  6:30  Drone x2  
  60  6:31  Drone x2  
  60  6:32  Drone x3  
  67  6:42  Drone  
  67  6:43  Overlord  
  68  6:58  Lair  
  68  7:01  Queen  
  68  7:03  Drone x3  
  68  7:04  Extractor  
  68  7:08  Extractor  
  64  7:45  Drone  
  64  7:46  Drone x5  
  64  7:48  Drone x2  
  64  7:49  Drone x2  
  74  8:07  Overlord  
  74  8:31  Zergling x6  
  74  8:32  Zergling x2  
  74  8:33  Zergling x12  
  84  8:51  Overlord  
  84  8:52  Overlord  
  70  9:42  Spire  
  69  9:50  Roach  
  69  9:51  Roach x7  
  85  9:53  Roach, Hatchery  
  85  9:54  Roach x7  
  85  9:57  Zerg Melee Weapons Level 1  
  100  10:06  Spore Crawler  
  99  10:07  Spine Crawler  
  99  10:13  Spore Crawler  
  97  10:16  Spine Crawler  
  96  10:25  Ravager x4  
  96  10:27  Overseer  
  100  10:33  Hydralisk Den  
  99  10:39  Overlord x2  
  99  10:57  Spore Crawler  
  99  10:59  Spore Crawler  
  99  11:03  Hydralisk  
  99  11:05  Overlord x4  
  99  11:06  Overlord  
  99  11:23  Corruptor  
  99  11:24  Corruptor x3  
  99  11:25  Hydralisk  
  107  11:26  Spore Crawler x2, Hydralisk x7  
  107  11:28  Spore Crawler  
  120  11:41  Spore Crawler  
Tags
 
Add a new tag
Caveats
  • Supply blocks, unpowered buildings, or Contaminate may cause inaccurate times.
  • Supply counts are checked every 10 seconds.